 Dungeon Crawl Stone Soup version 0.28.0-53-g5a82cb258f (webtiles) character file.

Game seed: 14795136971592097639

37 rabbi the Ogre Mage (level 3, -15/31 HPs)
             Began as an Ogre Hedge Wizard on June 26, 2022.
             Demolished by an ogre
             ... wielding a +0 giant club
              (26 damage)
             ... on level 2 of the Dungeon.
             The game lasted 00:11:16 (2198 turns).

rabbi the Ogre Mage (Ogre Hedge Wizard)             Turns: 2198, Time: 00:11:17

Health: -15/31     AC:  3    Str: 14    XL:     3   Next: 39%
Magic:  9/9        EV:  9    Int: 17    God:
Gold:   43         SH:  0    Dex:  8    Spells: 9/11 levels left

rFire   . . .      SeeInvis .   i - +1 demon whip (elec)
rCold   . . .      Faith    .   (no shield)
rNeg    . . .      Spirit   .   b - +0 robe
rPois   .          Reflect  .   c - +0 hat
rElec   .          Harm     .   (no cloak)
rCorr   .          Rampage  .   (gloves unavailable)
Will    .....                   (boots unavailable)
Stlth   +.........              (no amulet)
HPRegen 0.10/turn               (no ring)
MPRegen 0.11/turn               (no ring)

@: no status effects
A: large, unfitting armour, tough skin 1
a: no special abilities


You were on level 2 of the Dungeon.
You visited 1 branch of the dungeon, and saw 2 of its levels.

You collected 43 gold pieces.

Inventory:

Hand Weapons
 i - a +1 demon whip of electrocution (weapon)
Armour
 b - a +0 robe (worn)
 c - a +0 hat (worn)
Potions
 d - a potion of brilliance
 e - a potion of curing {unknown}
 f - a potion of attraction {unknown}


   Skills:
 + Level 1.9 Dodging
 + Level 1.5 Stealth
 + Level 4.8 Spellcasting
 + Level 1.1 Conjurations
 + Level 0.8 Summonings
 + Level 0.8 Translocations


You had 9 spell levels left.
You knew the following spells:

 Your Spells              Type           Power      Damage    Failure   Level
a - Magic Dart            Conj           32%        1d4       9%          1
b - Slow                  Hex            16%        N/A       14%         1

Your spell library contained the following spells:

 Spells                   Type           Power      Damage    Failure   Level
 Blink                    Tloc           14%        N/A       16%         2
 Call Imp                 Summ           7%         N/A       16%         2
 Conjure Flame            Conj/Fire      6%         6-21      34%         3
 Mephitic Cloud           Conj/Pois/Air  5%         N/A       36%         3


Dungeon Overview and Level Annotations

Branches:
Dungeon (2/15)

Altars:
Uskayaw


Innate Abilities, Weirdness & Mutations

You are too large for most types of armour.
You have tough skin. (AC +1)


Message History

The magic dart hits the ogre.
The ogre is lightly wounded.
Your magical contamination has completely faded away.
Aiming: Magic Dart (safe; 9% risk of failure)
Press: ? - help, Q - select action, (/) - cycle Shift-Dir - straight line, f/p - ogre
Aim: an ogre, wielding a +0 giant club (lightly wounded, slow, 100% to hit)
The magic dart hits the ogre.
The ogre is lightly wounded.
Aiming: Magic Dart (safe; 9% risk of failure)
Press: ? - help, Q - select action, (/) - cycle Shift-Dir - straight line, f/p - ogre
Aim: an ogre, wielding a +0 giant club (lightly wounded, slow, 100% to hit)
The magic dart hits the ogre but does no damage.
The ogre is lightly wounded.
The ogre is no longer moving slowly.
Casting: Magic Dart (safe; 9% risk of failure)
Confirm with . or Enter, or press ? or * to list all spells.
Aiming: Slow (safe; 14% risk of failure)
Press: ? - help, Shift-Dir - straight line, f/p - ogre
Aim: an ogre, wielding a +0 giant club (lightly wounded, chance to affect: 39%)
The ogre seems to slow down.
There is a stone staircase leading up here.
You climb upwards.
There is a stone staircase leading down here.
You start resting.
Magic restored.
There is a stone staircase leading down here.
As you read the scroll labelled TIQIOVVI QUTTIH, it crumbles to dust.
You hear a loud clanging noise!
It was a scroll of noise.
As you read the scroll labelled UDGHOC CAXAADIAKIS, it crumbles to dust.
It is a scroll of identify.
d - a potion of brilliance
There is a stone staircase leading down here.
You climb downwards.
The ogre hits you with a +0 giant club!!
Ouch! That really hurt!
There is a stone staircase leading up, spattered with blood here.
The ogre hits you with a +0 giant club!!
Ouch! That really hurt!
You die...

#.# .....####.#####..## #.#
#.........##....... ###.###
#...#####.##.##..# ##.....#
#...# #........# #......##
#...#######...##... #..._...#
#...##.......#.## # #.......#
#...##.##.##.##.###
#.......######................>.
#..##..........@............###.
...###.#.......O.........#.#.#
#. ##.#
#.....................#.# ##
#......#####.#.....###.##.#.##
#####.## #.#...............##
#.# #.#...#.######.#.#.## #.#
#.#...#.# #..###.# #. #.......#
#.# ##. ###...##### ## #..


You could see an ogre.

Vanquished Creatures
  A worm (D:2)
  3 ball pythons (D:1)
  4 endoplasms
  5 kobolds
  2 quokkas (D:1)
  4 bats (D:1)
  2 frilled lizards (D:1)
  5 goblins
  4 rats
30 creatures vanquished.

Notes
Turn   | Place    | Note
-------+----------+-------------------------------------------
     0 | D:1      | rabbi the Ogre Hedge Wizard began the quest for the Orb.
     0 | D:1      | Reached XP level 1. HP: 16/16 MP: 5/5
     2 | D:1      | Learned a level 1 spell: Slow
   202 | D:1      | Reached skill level 4 in Spellcasting
   431 | D:1      | Reached XP level 2. HP: 24/24 MP: 1/7
   788 | D:1      | You fall into a shaft and drop 1 floor!
  1209 | D:1      | Reached XP level 3. HP: 31/31 MP: 5/9
  1249 | D:1      | Reached skill level 1 in Conjurations
  1694 | D:2      | HP: 1/31 [worm (11)]
  2104 | D:2      | Found a hide-covered altar of Uskayaw.
  2115 | D:2      | Noticed an ogre
  2198 | D:2      | Demolished by an ogre

Illustrated notes

Levels and vault maps discovered:
D:1:      dpeg_arrival_round_c, layout_loops_cross, kennysheep_boxes
D:2:      layout_loops_cross, basic_altar

Skill      XL: |  1  2  3 |
---------------+----------+-----
Spellcasting   | 4 |  4.8
Conjurations   | 1 |  1.1
Dodging        | |  1.9
Stealth        | |  1.5
Summonings     | |  0.8
Translocations | |  0.8

Action                   || total
-------------------------++-------
Melee: Dagger            ||     7
       Spear             ||    17
 Cast: Magic Dart        ||    88
       Slow              ||     5
  Use: Scroll            ||     2
 Stab: Sleeping          ||     1
Armor: Robe              ||    11
Dodge: Dodged            ||     9
